 Dungeon Crawl Stone Soup version 0.31.0-9-g3a7656b989 (webtiles) character file.

Game seed: 17806068913239095290

1529 Colgate the Blocker (level 8, 0/68 HPs)
             Began as a Minotaur Fighter on Jan 24, 2024.
             Was a High Priest of Cheibriados.
             Slain by an orc warrior
             ... wielding a +0 battleaxe
              (16 damage)
             ... on level 7 of the Dungeon.
             The game lasted 00:05:36 (5239 turns).

Colgate the Blocker (Minotaur Fighter)              Turns: 5239, Time: 00:05:37

Health: 0/68       AC: 13    Str: 35    XL:     8   Next: 55%
Magic:  6/9        EV:  8    Int: 16    God:    Cheibriados [*****.]
Gold:   294        SH: 12    Dex: 20    Spells: 7/7 levels left

rFire   . . .        a - +0 war axe
rCold   . . .        u - +0 kite shield
rNeg    . . .        F - +0 chain mail
rPois   .            (helmet restricted)
rElec   .            (no cloak)
rCorr   .            (no gloves)
SInv    +            j - +2 pair of boots
Will    .....        (no amulet) Stlth
                     C - ring of see invisible
HPRegen 0.31/turn    (no ring)
MPRegen 0.11/turn

%: no passive effects
@: very slow
A: horns 2, retaliatory headbutt
a: Renounce Religion, Bend Time, Temporal Distortion, Slouch, Step From Time


You were on level 7 of the Dungeon.
You worshipped Cheibriados.
Cheibriados was extremely pleased with you.
You visited 1 branch of the dungeon, and saw 7 of its levels.

You collected 294 gold pieces.

Inventory:

Hand Weapons
 a - a +0 war axe (weapon)
Armour
 j - a +2 pair of boots (worn)
 u - a +0 kite shield (worn)
 F - a +0 chain mail (worn)
Jewellery
 C - a ring of see invisible (left hand)
Wands
 k - a wand of flame (33)
 m - a wand of iceblast (9) {@v2}
 D - a wand of paralysis (12)
 E - a wand of polymorph (20)
Scrolls
 b - a scroll of enchant armour {unknown}
 c - a scroll of enchant weapon {unknown}
 e - 2 scrolls of revelation {unknown}
 g - 2 scrolls of vulnerability {unknown}
 l - 4 scrolls of identify {unknown}
 n - 2 scrolls of teleportation {unknown}
 o - a scroll of brand weapon {unknown}
 p - a scroll of fear {unknown}
 t - a scroll of amnesia {unknown}
 v - 2 scrolls of silence {unknown}
 w - a scroll of poison {unknown}
 y - 3 scrolls of noise {unknown}
 G - a scroll of fog {unknown}
Potions
 d - a potion of might {@q3}
 f - 3 potions of lignification {unknown}
 h - 7 potions of heal wounds {unknown}
 i - 4 potions of curing {unknown}
 q - 2 potions of ambrosia {unknown}
 r - a potion of degeneration {unknown}
 s - a potion of haste {unknown}
 x - 2 potions of enlightenment {unknown}
 z - a potion of brilliance {unknown}
 A - 2 potions of cancellation {unknown}
 B - 3 potions of magic {unknown}
 H - a potion of mutation {unknown}


   Skills:
 - Level 5.3 Fighting
 * Level 7.4 Axes
 - Level 5.6 Armour
 * Level 8.0 Shields
 + Level 3.2 Invocations
 + Level 2.5 Evocations


You had 7 spell levels left.
You didn't know any spells.
Your spell library was empty.

Dungeon Overview and Level Annotations

Branches:
Dungeon (7/15)             Temple (0/1) D:5

Altars:
Cheibriados
Hepliaklqana
Ru
Wu Jian


Innate Abilities, Weirdness & Mutations

You have a pair of horns on your head.
You reflexively headbutt those who attack you in melee.


Message History

You block the orc warrior's attack.
A wight comes into view. It is wielding a +4 halberd.
You block the wight's attack.
You closely miss the wight. You headbutt the wight.
You barely miss the orc warrior. You block the wight's attack. x2
The orc warrior hits you with a +0 battleaxe.
You block the wight's attack.
The orc warrior hits you with a +0 battleaxe!
The wight hits you but does no damage.
You are too injured to fight recklessly!
You slice the wight!!
You destroy the wight!
Cheibriados appreciates the change of pace.
You closely miss the orc warrior. You slash the orc!
You kill the orc!
Cheibriados appreciates the change of pace.
You block the orc warrior's attack.
The wight hits you from afar with a +4 halberd.
Your Shields skill increases to level 8!
You block the orc warrior's attack.
A wight comes into view. It is wielding a +0 trident.
You block the wight's attack. x2
The orc warrior hits you with a +0 battleaxe.
The wight closely misses you.
Things that are here:
a +2 long sword; a +0 robe You hit the orc warrior.
You headbutt the orc warrior, but do no damage.
You barely miss the wight.
The orc warrior hits you with a +0 battleaxe!
* * * LOW HITPOINT WARNING * * *
You block the wight's attack. x2
Okay, then.
Okay, then.
Okay, then.
You barely miss the orc warrior.
You headbutt the orc warrior, but do no damage.
You slash the wight!
The orc warrior hits you with a +0 battleaxe!
You die...

... . .... ..
....##########'##
#...............
#...............
'......)o$......
#......@.)......
.....#z#####....
... #z....# . .
#.....# #.....#
###...#
######...#######
#...............
#...............


You could see an orc warrior and 2 wights.

Vanquished Creatures
  2 ice beasts
  A centaur (D:7)
  An ogre (D:5)
  Blork the orc (D:6)
  2 scorpions (D:6)
  A wight (D:7)
  4 howler monkeys
  A bombardier beetle (D:5)
  A jelly (D:5)
  3 orc priests
  A gnoll bouda (D:5)
  Ijyb (D:5)
  2 iguanas
  9 orc wizards
  Robin (D:5)
  12 adders
  4 gnolls (D:5)
  A shadow imp (D:6)
  3 white imps
  2 ufetubi (D:6)
  2 dart slugs
  A ribbon worm (D:2)
  13 orcs
  9 ball pythons
  7 endoplasms
  8 giant cockroaches
  12 goblins
  11 hobgoblins
  11 jackals
  11 kobolds
  5 quokkas
  8 bats
  2 frilled lizards
  3 rats (D:1)
156 creatures vanquished.

Notes
Turn   | Place    | Note
-------+----------+-------------------------------------------
     0 | D:1      | Colgate the Minotaur Fighter began the quest for the Orb.
     0 | D:1      | Reached XP level 1. HP: 19/19 MP: 0/0
    61 | D:1      | Reached XP level 2. HP: 24/27 MP: 1/1
   314 | D:1      | Reached skill level 4 in Shields
   473 | D:1      | Reached XP level 3. HP: 33/33 MP: 2/2
   753 | D:1      | Found a faded altar of an unknown god.
   775 | D:1      | Prayed at the altar of an unknown god.
   775 | D:1      | Became a worshipper of Cheibriados the Contemplative
   775 | D:1      | Reached * piety under Cheibriados
  1226 | D:2      | Reached XP level 4. HP: 38/40 MP: 3/3
  1285 | D:2      | Found an ornate altar of the Wu Jian Council.
  1305 | D:2      | You fall into a shaft and drop 1 floor!
  1377 | D:3      | Reached ** piety under Cheibriados
  2097 | D:2      | Reached *** piety under Cheibriados
  2112 | D:2      | Reached XP level 5. HP: 37/47 MP: 4/4
  2262 | D:3      | Found a hazy altar of Hepliaklqana.
  2547 | D:4      | Reached skill level 5 in Shields
  2819 | D:4      | Reached XP level 6. HP: 53/55 MP: 5/5
  3080 | D:5      | Entered Level 5 of the Dungeon
  3105 | D:5      | Reached skill level 5 in Fighting
  3105 | D:5      | Reached skill level 5 in Armour
  3122 | D:5      | Found a staircase to the Ecumenical Temple.
  3122 | D:5      | Noticed an ice beast
  3128 | D:5      | Killed an ice beast
  3301 | D:5      | Reached **** piety under Cheibriados
  3302 | D:5      | Reached skill level 5 in Axes
  3302 | D:5      | Reached skill level 1 in Invocations
  3638 | D:5      | Reached skill level 6 in Shields
  3638 | D:5      | Reached XP level 7. HP: 48/58 MP: 6/6
  3845 | D:5      | Noticed Robin
  3845 | D:5      | Noticed Ijyb
  3854 | D:5      | Killed Ijyb
  3858 | D:5      | Killed Robin
  3954 | D:5      | Reached skill level 1 in Evocations
  4558 | D:6      | Reached ***** piety under Cheibriados
  4586 | D:6      | Found a sacrificial altar of Ru.
  4712 | D:6      | Reached skill level 7 in Shields
  4759 | D:6      | Reached XP level 8. HP: 68/68 MP: 8/8
  4883 | D:6      | Noticed Blork the orc
  4889 | D:6      | Killed Blork the orc
  5237 | D:7      | Reached skill level 8 in Shields
  5239 | D:7      | Slain by an orc warrior

Illustrated notes

Levels and vault maps discovered:
D:1:      nzn_arrival_crosshair, layout_basic, shapermc_ecumenical_altar_ellora,
          hangedman_decor_riveting
D:2:      layout_basic, basic_altar
D:3:      layout_loops_ring, worldfamousw_hep_ancestral_shrine
D:4:      layout_loops_ring
D:5:      layout_loops_ring, minmay_temple_entry_wispy,
          small_statue_intersection, nicolae_goblin_pals
D:6:      layout_loops_ring, nicolae_ru_the_path_less_chosen, uniq_blork_the_orc
D:7:      layout_gridville, minmay_overflow_temple_star_quad,
          minmay_misc_feat_tower, grunt_ministairs_14, glass_columns_a

Skill      XL: |  1  2  3  4  5  6  7  8 |
---------------+-------------------------+-----
Armour         | 4 5 |  5.6
Shields        | 4 5 6 7 8 |  8.0
Fighting       | 4 5 |  5.3
Axes           | 3 4 5 6 7 |  7.4
Invocations    | 1 2 3 |  3.2
Evocations     | 1 2 |  2.5

Action                     |  1- 3 |  4- 6 |  7- 9 || total
---------------------------+-------+-------+-------++-------
  Melee: War axe           |    86 |   131 |   107 ||   324
         Headbutt          |     8 |    18 |    22 ||    48
 Invoke: Temporal Distorti |       |       |     1 ||     1
  Evoke: Wand              |       |     2 |       ||     2
 Armour: Scale mail        |    50 |   111 |    28 ||   189
         Chain mail        |       |       |    53 ||    53
  Dodge: Dodged            |    42 |    50 |    31 ||   123
  Block: Buckler           |    30 |    30 |       ||    60
         Kite shield       |       |    33 |    84 ||   117
